 Dungeon Crawl Stone Soup version 0.25-a0-398-g1920f1ac21 (webtiles) character file.

Game seed: 65419598079899409, levelgen mode: deterministic

444 MordorOrchid the Chopper (level 6, -10/56 HPs)
             Began as a Deep Dwarf Chaos Knight on Jan 8, 2020.
             Was a Plaything of Xom.
             Killed by divine providence
             ... invoked by an orc priest
              (12 damage)
             ... on level 4 of the Dungeon.
             The game lasted 00:09:13 (3189 turns).

MordorOrchid the Chopper (Deep Dwarf Chaos Knight)  Turns: 3189, Time: 00:09:14

Health: -10/56     AC: 12    Str: 17    XL:     6   Next: 72%
Magic:  7/7        EV:  7    Int: 13    God:    Xom [..*...]
Gold:   253        SH:  0    Dex: 12    Spells: 5/5 levels left

rFire    . . .     SeeInvis .   a - +1 hand axe (chaos)
rCold    . . .     Gourm    .   (no shield)
rNeg     . . .     Faith    .   B - +0 chain mail
rPois    +         Spirit   .   w - +1 helmet
rElec    .         Reflect  .   (no cloak)
rCorr    .         Harm     .   (no gloves)
MR       .....                  (no boots)
Stlth    ..........             t - amulet of rage
HPRegen  0.00/turn              z - ring of poison resistance
MPRegen  0.10/turn              q - ring of stealth

@: non-regenerating
A: damage resistance, heal wounds, sense surroundings 1, no regeneration
a: Heal Wounds, Renounce Religion, Evoke Berserk Rage


You were on level 4 of the Dungeon.
You worshipped Xom.
You were a toy of Xom.
You were not hungry.

You visited 1 branch of the dungeon, and saw 4 of its levels.

You collected 253 gold pieces.

Inventory:

Hand Weapons
 a - a +1 hand axe of chaos (weapon)
 y - a +0 war axe
Missiles
 j - 93 arrows
 m - 18 poisoned darts (quivered)
 r - 12 sling bullets
 v - 8 javelins
 x - 8 boomerangs
Armour
 b - a +2 leather armour
 w - a +1 helmet (worn)
 B - a +0 chain mail (worn)
Jewellery
 l - an uncursed ring of flight
 q - a ring of stealth (right hand)
 s - an uncursed amulet of harm
 t - an amulet of rage (around neck)
 z - a ring of poison resistance (left hand)
 C - an uncursed ring of wizardry
Wands
 n - a wand of enslavement (2)
Scrolls
 d - a scroll of identify
 f - a scroll of magic mapping {unknown}
 g - 2 scrolls of remove curse
 h - a scroll of enchant armour
 i - a scroll of fog {unknown}
 k - a scroll of amnesia {unknown}
 o - 2 scrolls of noise
 p - a scroll of teleportation {unknown}
Potions
 e - 2 potions of cancellation
 A - a potion of flight
 D - a potion of heal wounds {unknown}
 E - 2 potions of curing
Comestibles
 c - 6 rations
 u - a chunk of flesh


   Skills:
 - Level 3.0 Fighting
 + Level 6.5 Axes
 * Level 4.9 Armour
 - Level 1.1 Dodging
 * Level 2.1 Evocations


You had 5 spell levels left.
You didn't know any spells.
Your spell library was empty.

Dungeon Overview and Level Annotations

Branches:
Dungeon (4/15)
 Temple: D:4-7

Altars:
Xom


Innate Abilities, Weirdness & Mutations

You are resistant to damage.
You can heal yourself by infusing magical energy.
You passively map a small area around you.
You do not regenerate.


Message History

The orc hits you but does no damage.
The orc priest looks braver for a moment.
You slash the orc! Lightning courses through the orc!
You kill the orc!
You hit the orc priest. You burn the orc priest.
The orc priest is lightly wounded.
The orc priest hits you but does no damage.
You hit the orc priest.
The orc priest flickers and vanishes!
Deactivating autopickup; reactivate with Ctrl-A.
Xom thinks this is hilarious!
Something hits you but does no damage.
You barely miss something.
You hear something call down the wrath of Beogh upon you.
Beogh smites you!
* * * LOW HITPOINT WARNING * * *
You miss something.
You hear something invoke the aid of Beogh against you.
Beogh smites you!
You die...
Xom snickers!

..........## * .o......#
#.......[.# * , o......#
####.....## , , ,...... #######
, , , ....# # * ,,,,, ,...#
####### ,,, #..# .)....#### , ,
##.o# .........# *
##########...#
.........######.@{.........#* *
................##########.....
.........######## ......
.......### ..#### ......## .##
....### .# ###.#* #. ## *


There were no monsters in sight!

Vanquished Creatures
  Grinder (D:4)
  A scorpion (D:4)
  An orc priest (D:3)
  An orc wizard (D:4)
  A worker ant (D:4)
  Robin (D:3)
  3 adders
  A worm (D:3)
  3 dart slugs (D:2)
  3 leopard geckos
  13 orcs
  9 bats
  12 goblins
  14 hobgoblins
  3 kobolds
  7 quokkas
  2 frilled lizards (D:2)
  5 rats
81 creatures vanquished.

Vanquished Creatures (others)
  A goblin (D:3)
1 creature vanquished.

Grand Total: 82 creatures vanquished

Notes
Turn   | Place    | Note
-------+----------+-------------------------------------------
     0 | D:1      | MordorOrchid the Deep Dwarf Chaos Knight began the quest
                  | for the Orb.
     0 | D:1      | Reached XP level 1. HP: 20/20 MP: 1/1
    75 | D:1      | XOM: harmless Tloc miscast
   196 | D:1      | Reached XP level 2. HP: 21/28 MP: 2/2
   209 | D:1      | XOM is BORED!
   209 | D:1      | XOM: harmless Air miscast
   301 | D:1      | XOM: divination: magic mapping
   630 | D:1      | XOM: god gift: dark potion {god gift}
   809 | D:2      | Reached skill level 4 in Axes
   817 | D:2      | Reached XP level 3. HP: 24/34 MP: 3/3
  1190 | D:2      | XOM: harmless Chrm miscast
  1474 | D:3      | Reached XP level 4. HP: 27/42 MP: 4/4
  1594 | D:3      | Noticed Robin
  1601 | D:3      | Reached skill level 5 in Axes
  1609 | D:3      | Killed Robin
  1918 | D:3      | Reached XP level 5. HP: 23/49 MP: 5/5
  1934 | D:3      | XOM: mild Pois miscast
  2229 | D:3      | XOM: god gift: 15 gold pieces
  2388 | D:3      | XOM: harmless Hex miscast
  2401 | D:3      | XOM: noise
  2556 | D:3      | XOM: divination: detect items
  2557 | D:3      | Found a faded altar of an unknown god.
  2834 | D:4      | HP: 1/49 [worker ant (4)]
  2894 | D:4      | Reached skill level 1 in Evocations
  2899 | D:4      | XOM: scenery: create altars
  2994 | D:4      | Noticed Grinder
  2995 | D:4      | Paralysed by Grinder for 5 turns
  3025 | D:4      | Killed Grinder
  3025 | D:4      | Reached skill level 6 in Axes
  3025 | D:4      | Reached XP level 6. HP: 32/56 MP: 5/7
  3167 | D:4      | XOM: mild Conj miscast
  3188 | D:4      | HP: 2/56 [something (10)]
  3189 | D:4      | Killed from afar by an orc priest

Levels and vault maps discovered:
D:1:      lightli_arrival_isolated_outpost, layout_basic
D:2:      layout_basic
D:3:      layout_loops_ring, chequers_ecumenical_altar_simple,
          minmay_misc_feat_chi, uniq_robin
D:4:      layout_cave_pods, minmay_bent, uniq_grinder

Skill      XL: |  1  2  3  4  5 |
---------------+----------------+-----
Fighting       | 3 |  3.0
Axes           | 4 5 6 |  6.5
Armour         | 3 4 |  4.9
Evocations     | 2 |  2.1
Dodging        | |  1.1

Action                   |  1- 3 |  4- 6 || total
-------------------------+-------+-------++-------
Melee: Hand axe          |   118 |   108 ||   226
Throw: Dart              |     3 |     6 ||     9
 Abil: Heal Wounds       |       |     1 ||     1
Evoke: Wand              |       |     6 ||     6
  Use: Scroll            |     7 |     4 ||    11
       Potion            |       |     3 ||     3
 Stab: Paralysed         |     1 |       ||     1
       Sleeping          |     4 |       ||     4
  Eat: Chunk             |     2 |     5 ||     7
Armor: Leather armour    |    43 |     8 ||    51
       Skin              |       |    21 ||    21
       Chain mail        |       |    51 ||    51
Dodge: Dodged            |    69 |    55 ||   124

Table legend:
 A = Non-vault XP
 B = Vault XP
 C = Vault XP percentage of total XP
 D = Non-vault monster count
 E = Vault monster count
 F = Vault count percentage of total count
                 A         B        C        D         E       F
            +---------+---------+-------+---------+---------+-------
      Total |     250 |     385 |  60.6 |      67 |      15 |  18.3
            +---------+---------+-------+---------+---------+-------
        D:1 |      24 |       0 |   0.0 |      12 |       0 |   0.0
        D:2 |      55 |       0 |   0.0 |      21 |       0 |   0.0
        D:3 |     117 |      29 |  19.9 |      28 |       9 |  24.3
        D:4 |      54 |     356 |  86.8 |       6 |       6 |  50.0
            +---------+---------+-------+---------+---------+-------
